 Dungeon Crawl Stone Soup version 0.29.1-13-g9f3cf754e1 (webtiles) character file.

Game seed: 10063813425915299119

276 cheesebisquit the Cutter (level 6, 0/45 HPs)
             Began as a Merfolk Gladiator on Jan 21, 2023.
             Slain by a black bear (2 damage)
             ... on level 4 of the Dungeon.
             The game lasted 00:12:58 (3930 turns).

cheesebisquit the Cutter (Merfolk Gladiator)        Turns: 3930, Time: 00:12:59

Health: 0/45       AC:  6    Str: 14    XL:     6   Next: 25%
Magic:  5/5        EV: 13    Int:  7    God:
Gold:   277        SH:  0    Dex: 18    Spells: 5/5 levels left

rFire   . . .      SeeInvis .   a - +0 rapier
rCold   + . .      Faith    .   (no shield)
rNeg    . . .      Spirit   .   b - +0 leather armour
rPois   .          Reflect  .   c - +0 helmet
rElec   +          Harm     .   (no cloak)
rCorr   .          Rampage  .   s - +0 pair of gloves
Will    .....                   k - +0 pair of boots
Stlth   ++........              (no amulet)
HPRegen 0.15/turn               (no ring)
MPRegen 0.09/turn               (no ring)

@: no status effects
A: (nimble swimmer 2), mertail, cold resistance 1, low MP 1, sense surroundings
1, electricity resistance
a: no special abilities


You were on level 4 of the Dungeon.
You visited 1 branch of the dungeon, and saw 4 of its levels.

You collected 277 gold pieces.

Inventory:

Hand Weapons
 a - a +0 rapier (weapon)
Missiles
 g - a throwing net
 q - 4 poisoned darts (quivered)
Armour
 b - a +0 leather armour (worn)
 c - a +0 helmet (worn)
 k - a +0 pair of boots (worn)
 s - a +0 pair of gloves (worn)
Wands
 d - a wand of polymorph (9)
Scrolls
 e - a scroll of vulnerability
 f - a scroll of brand weapon {unknown}
 j - 2 scrolls of blinking
 o - a scroll of immolation {unknown}
 r - a scroll of teleportation {unknown}
Potions
 i - a potion of curing
 n - a potion of attraction


   Skills:
 - Level 2.3 Fighting
 * Level 6.5 Short Blades
 - Level 3.0 Throwing
 - Level 4.1 Dodging
 + Level 3.4 Stealth


You had 5 spell levels left.
You didn't know any spells.
Your spell library contained the following spells:

 Spells                   Type           Power      Damage    Failure   Level
 Summon Small Mammal      Summ           0%         N/A       52%         1
 Call Canine Familiar     Summ           0%         N/A       87%         3
 Dazzling Flash           Conj/Hex       0%         N/A       87%         3
 Summon Guardian Golem    Hex/Summ       0%         N/A       87%         3
 Agony                    Necr           0%         N/A       100%        5
 Silence                  Hex/Air        0%         N/A       100%        5


Dungeon Overview and Level Annotations

Branches:
Dungeon (4/15)
 Temple: D:4-7

Altars:

Annotations:
D:1 2 runed translucent doors


Innate Abilities, Weirdness & Mutations

((You are very nimble when in or above water. (Stealth+, EV+, Speed+++)))
Your lower body shifts to a powerful aquatic tail in water.
Your flesh is cold resistant. (rC+)
Your magical capacity is low. (-10% MP)
You passively map a small area around you.
You are resistant to electric shocks. (rElec)


Message History

The black bear barely misses you. The black bear misses you.
You hit the black bear but do no damage.
The black bear is almost dead.
The black bear misses you. The black bear closely misses you.
The black bear misses you.
You closely miss the black bear.
The black bear is almost dead.
The black bear closely misses you. The black bear misses you.
The black bear barely misses you.
The black bear bites you but does no damage.
The black bear claws you. x2
You hit the black bear.
The black bear is almost dead.
The black bear closely misses you.
The black bear claws you but does no damage.
The black bear completely misses you.
You hit the black bear.
The black bear is almost dead.
The black bear closely misses you.
The black bear claws you but does no damage.
The black bear claws you.
You completely miss the black bear.
The black bear is almost dead.
The black bear bites you.
* * * LOW HITPOINT WARNING * * *
The black bear claws you.
* * * LOW HITPOINT WARNING * * *
The black bear barely misses you. The black bear bites you.
* * * LOW HITPOINT WARNING * * *
The black bear misses you. The black bear closely misses you.
You hit the black bear.
The black bear is almost dead.
The black bear barely misses you.
The black bear claws you but does no damage.
The black bear closely misses you. The black bear bites you!
* * * LOW HITPOINT WARNING * * *
The black bear claws you but does no damage.
The black bear claws you.
You die...

, **
.....[. ,
....... *
....... *
.......
.......
#### *
.......,*
#<.#
.......
##.# *
.......
#@#,
.......
#h#,
####### *
*#.#, * ,
, , , ..(
> ** *
##.#. * *
..#.. * *
* ### .#,
, * .# *
, . *


You could see a black bear (berserk).

Vanquished Creatures
  Sigmund (D:3)
  2 adders (D:2)
  4 gnolls
  2 dart slugs (D:1)
  4 orcs (D:3)
  3 bats
  4 endoplasms
  5 giant cockroaches
  9 goblins
  6 hobgoblins (D:2)
  2 quokkas (D:1)
  3 ball pythons (D:2)
  5 frilled lizards
  4 rats (D:1)
54 creatures vanquished.

Vanquished Creatures (others)
  A plant (D:1)
1 creature vanquished.

Grand Total: 55 creatures vanquished

Notes
Turn   | Place    | Note
-------+----------+-------------------------------------------
     0 | D:1      | cheesebisquit the Merfolk Gladiator began the quest for the
                  | Orb.
     0 | D:1      | Reached XP level 1. HP: 16/16 MP: 1/1
    41 | D:1      | Found a large runed translucent door.
    41 | D:1      | Found a large runed translucent door.
    41 | D:1      | Noticed an orc warrior
    41 | D:1      | Noticed an orc priest
    41 | D:1      | Noticed an orc wizard
    82 | D:1      | Noticed an orc wizard
   138 | D:1      | Reached XP level 2. HP: 23/23 MP: 2/2
   365 | D:1      | Reached skill level 4 in Short Blades
  1131 | D:1      | Reached skill level 1 in Stealth
  1131 | D:1      | Reached XP level 3. HP: 12/28 MP: 3/3
  1421 | D:2      | Reached XP level 4. HP: 19/34 MP: 4/4
  1884 | D:2      | Found a faded altar of an unknown god.
  2042 | D:2      | Reached skill level 5 in Short Blades
  2963 | D:3      | Noticed Sigmund
  2985 | D:3      | Reached XP level 5. HP: 26/39 MP: 5/5
  3290 | D:3      | Gained mutation: You have a somewhat thin skeletal
                  | structure. (Dex +2, Stealth+) [potion of mutation]
  3290 | D:3      | Gained mutation: You have a pair of small horns on your
                  | head. [potion of mutation]
  3290 | D:3      | Gained mutation: You are agile. (Dex +4, Str/Int -1)
                  | [potion of mutation]
  3300 | D:3      | Killed Sigmund
  3301 | D:3      | Reached skill level 6 in Short Blades
  3301 | D:3      | Reached XP level 6. HP: 29/45 MP: 6/6
  3768 | D:3      | Lost mutation: You have a somewhat thin skeletal structure.
                  | (Dex +2, Stealth+) [potion of mutation]
  3768 | D:3      | Lost mutation: You have a pair of small horns on your head.
                  | [potion of mutation]
  3768 | D:3      | Lost mutation: You are agile. (Dex +4, Str/Int -1) [potion
                  | of mutation]
  3768 | D:3      | Gained mutation: You passively map a small area around you.
                  | [potion of mutation]
  3768 | D:3      | Gained mutation: Your magical capacity is low. (-10% MP)
                  | [potion of mutation]
  3768 | D:3      | Gained mutation: Your flesh is cold resistant. (rC+)
                  | [potion of mutation]
  3768 | D:3      | Gained mutation: You are resistant to electric shocks.
                  | (rElec) [potion of mutation]
  3912 | D:4      | Noticed a black bear
  3930 | D:4      | HP: 2/45 [black bear (9)]
  3930 | D:4      | Slain by a black bear

Illustrated notes

Levels and vault maps discovered:
D:1:      erik_arrival_cave_to_civilisation [erik_arrival_cave_to_temple],
          layout_loops_ring, serial_bayou_pond_b
D:2:      cheibrodos_greedy_goblins, layout_rooms, basic_ecumenical_altar,
          grunt_ministairs_9
D:3:      layout_basic, st_stairs_9, minmay_crystal_water, item_on_display_a,
          uniq_sigmund
D:4:      layout_basic, fedhas_altar_decomposition, temple_fountains,
          corexii_corridor_pit, uniq_ijyb, uniq_crazy_yiuf_cottage, uniq_pikel

Skill      XL: |  1  2  3  4  5 |
---------------+----------------+-----
Short Blades   | 4 5 6 |  6.5
Stealth        | 1 2 3 |  3.4
Throwing       | 3 |  3.0
Fighting       | |  2.3
Dodging        | |  4.1

Action                   |  1- 3 |  4- 6 || total
-------------------------+-------+-------++-------
Melee: Rapier            |    89 |   109 ||   198
       Punch             |     1 |     2 ||     3
       Headbutt          |       |     2 ||     2
Throw: Throwing net      |     2 |     4 ||     6
       Dart              |       |    13 ||    13
       Javelin           |       |     2 ||     2
  Use: Potion            |       |     6 ||     6
       Scroll            |       |     4 ||     4
 Stab: Held in net/web   |     1 |       ||     1
       Sleeping          |       |     3 ||     3
       Distracted        |       |     1 ||     1
Armor: Leather armour    |    15 |    37 ||    52
Dodge: Dodged            |    64 |    79 ||   143
